 Dungeon Crawl Stone Soup version 0.22-a0-614-g34fbaa0 (webtiles) character file.

255 Lianjan the Skirmisher (level 6, 0/43 HPs)
             Began as an Octopode Wanderer on July 13, 2018.
             Slain by an orc
             ... wielding a +0 flail
              (6 damage)
             ... on level 4 of the Dungeon.
             The game lasted 00:06:06 (3280 turns).

Lianjan the Skirmisher (Octopode Wanderer)          Turns: 3280, Time: 00:06:07

Health: 0/43       AC:  1    Str:  9    XL:     6   Next: 15%
Magic:  9/9        EV: 13    Int: 17    God:
Gold:   104        SH:  0    Dex: 13    Spells: 9/9 levels left

rFire    . . .     SeeInvis .   a - +2 spear
rCold    . . .     Gourm    .   (no shield)
rNeg     . . .     Faith    .   (helmet restricted)
rPois    .         Spirit   .   (no amulet)
rElec    .         Reflect  .   o - ring of flight
rCorr    .         Harm     .   (no ring)
MR       .....                  (no ring)
Stlth    ++++......             (no ring)
HPRegen  0.14/turn              (no ring)
MPRegen  0.11/turn              (no ring)
                                (no ring)
                                (no ring)

@: no status effects
A: almost no armour, stealthy swim, amphibious, 8 rings, constrict 8, camouflage
1, gelatinous body 1
a: Evoke Flight


You were on level 4 of the Dungeon.
You were hungry.

You visited 1 branch of the dungeon, and saw 4 of its levels.

You collected 104 gold pieces.

Inventory:

Hand Weapons
 a - a +2 spear (weapon)
Missiles
 e - 107 stones (quivered)
 f - 3 tomahawks
 n - 14 poisoned needles
Jewellery
 o - a ring of flight (left tentacle)
Wands
 m - a wand of random effects (32)
 t - a wand of iceblast (10)
Scrolls
 d - 6 scrolls of identify
 g - 2 scrolls of fog {unknown}
 i - 2 scrolls of amnesia {unknown}
 j - 2 scrolls of enchant armour {unknown}
 l - a scroll of noise {unknown}
 p - a scroll of remove curse {unknown}
Potions
 b - a potion of curing
 h - a potion of magic {unknown}
 k - a potion of lignification {unknown}
 q - a potion of degeneration
 s - a potion of agility {unknown}
 u - 2 potions of haste {unknown}
 v - a potion of heal wounds {unknown}
Comestibles
 c - 3 rations
 r - 5 chunks of flesh


   Skills:
 + Level 3.9 Fighting
 * Level 3.5 Polearms
 - Level 1.0 Throwing
 + Level 2.3 Dodging
 + Level 3.8 Stealth
 - Level 2.0 Spellcasting
   Level 3.0 Hexes


You had 9 spell levels left.
You didn't know any spells.
Your spell library was empty.

Dungeon Overview and Level Annotations

Branches:
Dungeon (4/15)
 Temple: D:4-7

Altars:
Ashenzari

Annotations:
D:3 1 runed door, Steeltoe's ghost, amateur BaFi


Innate Abilities, Weirdness & Mutations

You cannot wear most types of armour.
You are very stealthy in the water. (Stealth+)
You are amphibious.
You can wear up to eight rings at the same time.
You can use your tentacles to constrict eight enemies at once.
Your skin changes colour to match your surroundings (Stealth+).
Your rubbery body absorbs attacks. (AC +1, EV +1)


Message History

The orc hits you with a dagger.
The adder hisses angrily.
You hit the worm.
You kill the worm!
The adder bites you. The adder bites you.
* * * LOW HITPOINT WARNING * * *
The orc hits you with a dagger.
* * * LOW HITPOINT WARNING * * *
The adder barely misses you.
The orc shouts!
The adder barely misses you.
You miss the adder. You grab the adder. You constrict the adder.
The adder bites you.
* * * LOW HITPOINT WARNING * * *
You puncture the adder!
The adder is severely wounded.
You constrict the adder. The adder closely misses you.
The orc hits you with a flail.
You die...

... ... ### #.# #.####
.h..#.# #....# ...#.#
#.##.#########
###.#.###.#..o.......#
..........#..†.≈.....##
###......o.).≈†≈≈o.≈..#.
###o#########≈#S#≈≈...
#.# #≈≈≈o@≈≈≈≈##.
#####.# #≈#########


ooo.o.# # #.# #####.# #.# #.# #.# #.# ###.# #.# #...## #.# #....# #.# #....# You
could see an adder and 3 orcs.

Vanquished Creatures
  An orc priest (D:3)
  An iguana (D:3)
  4 gnolls (D:4)
  5 adders
  A river rat (D:4)
  A shadow imp (D:4)
  An ooze (D:2)
  3 worms
  2 dart slugs (D:2)
  11 orcs
  8 bats
  5 giant cockroaches
  5 goblins
  9 hobgoblins
  6 jackals
  A quokka (D:2)
  2 ball pythons
  4 frilled lizards
  2 kobolds (D:3)
  5 rats
77 creatures vanquished.

Notes
Turn   | Place    | Note
-------+----------+-------------------------------------------
     0 | D:1      | Lianjan the Octopode Wanderer began the quest for the Orb.
     0 | D:1      | Lianjan set off with: a +2 spear, a potion of curing, a ration
     0 | D:1      | Reached XP level 1. HP: 16/16 MP: 3/3
   135 | D:1      | Reached XP level 2. HP: 21/21 MP: 5/5
   398 | D:1      | Reached skill level 1 in Polearms
   530 | D:2      | HP: 1/21 [jackal (3)]
   835 | D:2      | Reached XP level 3. HP: 26/26 MP: 6/6
   888 | D:2      | Reached skill level 1 in Dodging
  1557 | D:2      | Found a shattered altar of Ashenzari.
  1699 | D:2      | Reached XP level 4. HP: 31/31 MP: 7/7
  1837 | D:3      | Noticed Steeltoe's ghost (amateur BaFi)
  1838 | D:3      | Found a runed door.
  2346 | D:3      | Reached XP level 5. HP: 36/36 MP: 8/8
  3185 | D:4      | Reached XP level 6. HP: 27/43 MP: 9/9
  3280 | D:4      | Slain by an orc

Vault maps used:
D:1:      dpeg_arrival_shrine
D:2:      ashenzari_altar_1
D:3:      hellmonk_ghost_happy_afterlife, first_ration, hangedman_glass_teeth,
          st_stairs_6
D:4:      lightli_sewer_entry_pipes

Skill      XL: |  1  2  3  4  5 |
---------------+----------------+-----
Polearms       | 1 2 3 |  3.5
Stealth        | 2 3 |  3.8
Dodging        | 1 2 |  2.3
Fighting       | |  3.9
Throwing       | |  1.0
Spellcasting   | |  2.0
Hexes          | |  3.0

Action                   |  1- 3 |  4- 6 || total
-------------------------+-------+-------++-------
Melee: Spear             |   103 |   122 ||   225
       Constrict         |    14 |    29 ||    43
       Tentacles         |     7 |    19 ||    26
  Use: Scroll            |       |     1 ||     1
 Stab: Sleeping          |    13 |    12 ||    25
  Eat: Chunk             |     2 |     5 ||     7
Armor: Skin              |     5 |     4 ||     9
Dodge: Dodged            |    34 |    63 ||    97

Table legend:
 A = Spawn XP
 B = Non-spawn XP
 C = Spawn XP percentage of total XP
 D = Spawn monster count
 E = Non-spawn monster count
 F = Spawn count percentage of total count
 G = Total turns spent on level
                    A         B        C        D         E        F      G
               +---------+---------+-------+---------+---------+-------+---------
         Total |       0 |     365 |   0.0 |       0 |      77 |   0.0 |  3280
               +---------+---------+-------+---------+---------+-------+---------
           D:1 |       0 |      14 |   0.0 |       0 |      10 |   0.0 |   713
           D:2 |       0 |      69 |   0.0 |       0 |      29 |   0.0 |   996
           D:3 |       0 |     172 |   0.0 |       0 |      26 |   0.0 |  1416
           D:4 |       0 |     110 |   0.0 |       0 |      12 |   0.0 |   155
               +---------+---------+-------+---------+---------+-------+---------
